 Dungeon Crawl Stone Soup version 0.23.2 (webtiles) character file.

Game seed: 2476388645010303307

71 Morbidden the Ruffian (level 4, -1/40 HPs)
             Began as a Draconian Monk on Apr 7, 2019.
             Slain by a sky beast (3 damage)
             ... on level 2 of the Dungeon.
             The game lasted 00:02:25 (1709 turns).

Morbidden the Ruffian (Draconian Monk)              Turns: 1709, Time: 00:02:26

Health: -1/40      AC:  5    Str: 15    XL:     4   Next: 5%
Magic:  4/4        EV: 13    Int: 10    God:
Gold:   57         SH:  0    Dex: 13    Spells: 3/3 levels left

rFire    . . .     SeeInvis .     - Unarmed
rCold    . . .     Gourm    +   (no shield)
rNeg     . . .     Faith    .   (armour unavailable)
rPois    .         Spirit   .   (helmet restricted)
rElec    .         Reflect  .   (no cloak)
rCorr    .         Harm     .   (no gloves)
MR       .....                  (no boots)
Stlth    ++........             b - amulet of the gourmand
HPRegen  0.13/turn              (no ring)
MPRegen  0.09/turn              (no ring)

@: no status effects
A: unfitting armour, cold-blooded, AC +5
a: no special abilities


You were on level 2 of the Dungeon.
You were not hungry.

You visited 1 branch of the dungeon, and saw 2 of its levels.

You collected 57 gold pieces.

Inventory:

Jewellery
 b - an amulet of the gourmand (around neck)
Scrolls
 c - a scroll of immolation {unknown}
 d - 3 scrolls of identify {unknown}
 e - 2 scrolls of teleportation {unknown}
 g - a scroll of enchant armour {unknown}
 i - a scroll of amnesia {unknown}
Potions
 f - a potion of lignification {unknown}
 h - a potion of berserk rage {unknown}
 j - 2 potions of might {unknown}
 k - a potion of flight {unknown}
 l - 3 potions of brilliance {unknown}
 m - a potion of mutation {unknown}
Comestibles
 a - 3 rations


   Skills:
 * Level 3.9 Fighting
 + Level 3.0 Dodging
 + Level 2.1 Stealth
 * Level 4.1 Unarmed Combat


You had 3 spell levels left.
You didn't know any spells.
Your spell library was empty.

Dungeon Overview and Level Annotations

Branches:
Dungeon (2/15)

Altars:


Innate Abilities, Weirdness & Mutations

Your plain brown scales are hard. (AC +5)
You cannot fit into any form of body armour.
You are cold-blooded and may be slowed by cold attacks.


Message History

Deactivating autopickup; reactivate with Ctrl-A.
Something hits you. Something shocks you.
* * * LOW HITPOINT WARNING * * *
You miss something.
A sky beast appears from thin air!
Reactivating autopickup.
The sky beast closely misses you.
You barely miss the sky beast.
The sky beast is severely wounded.
The sky beast hits you.
* * * LOW HITPOINT WARNING * * *
The sky beast shocks you.
* * * LOW HITPOINT WARNING * * *
You barely miss the sky beast.
The sky beast is severely wounded.
Unknown command.
Unknown command.
The sky beast flickers out of sight!
Deactivating autopickup; reactivate with Ctrl-A.
Something hits you.
You die...

.....# #......# ..####
#......# #..# #......#
##.# #......# #.#
###......# #.##
#........# #..#
##.#......# ###.#
#..#......# ....#
#.##.@....#
....########.####{####
.........##..# #.#
......####..## #.#
......# ##.## #.#
......###..# #.#
....#..#..## #.#
..#..#....### #.#
...<.###....# #.#


There were no monsters in sight!

Vanquished Creatures
  An ooze (D:1)
  3 worms (D:2)
  A dart slug (D:2)
  3 leopard geckos
  6 bats
  2 giant cockroaches (D:1)
  5 hobgoblins
  9 jackals
  3 kobolds
  A quokka (D:2)
  A ball python (D:2)
  A frilled lizard (D:1)
  6 goblins
  7 rats
49 creatures vanquished.

Notes
Turn   | Place    | Note
-------+----------+-------------------------------------------
     0 | D:1      | Morbidden the Draconian Monk began the quest for the Orb.
     0 | D:1      | Reached XP level 1. HP: 19/19 MP: 1/1
   309 | D:1      | Reached XP level 2. HP: 26/26 MP: 2/2
   805 | D:1      | Reached XP level 3. HP: 33/33 MP: 3/3
  1283 | D:2      | Reached skill level 4 in Unarmed Combat
  1406 | D:2      | Reached XP level 4. HP: 26/40 MP: 4/4
  1689 | D:2      | Noticed a sky beast
  1707 | D:2      | HP: 1/40 [sky beast (6)]
  1709 | D:2      | Slain by a sky beast

Skill      XL: |  1  2  3 |
---------------+----------+-----
Dodging        | 3 |  3.0
Stealth        | 2 |  2.1
Unarmed Combat | 4 |  4.1
Fighting       | |  3.9

Action                   |  1- 3 |  4- 6 || total
-------------------------+-------+-------++-------
Melee: Unarmed           |   161 |    27 ||   188
       Tailslap          |    20 |     3 ||    23
       Punch             |     2 |     1 ||     3
 Stab: Sleeping          |     9 |       ||     9
  Eat: Chunk             |     1 |     4 ||     5
Armor: Skin              |    51 |     8 ||    59
Dodge: Dodged            |   132 |    13 ||   145
